 Dungeon Crawl Stone Soup version 0.16.1-11-g651b585 (webtiles) character file.

788 xsansara the Basher (level 7, -10/66 HPs)
             Began as an Ogre Hunter on Apr 3, 2015.
             Was an Initiate of Gozag.
             Killed by divine providence
             ... invoked by an orc priest
              (15 damage)
             ... on level 4 of the Dungeon.
             The game lasted 00:21:26 (7145 turns).

xsansara the Basher (Ogre Hunter)                   Turns: 7145, Time: 00:21:30

Health: -10/66     AC:  6    Str: 18    XL:     7   Next: 87%
Magic:  16/16      EV:  5    Int: 12    God:    Gozag
Gold:   318        SH: 11    Dex: 10    Spells: 0 memorised, 6 levels left

rFire  + + .     SeeInvis .     H - +0 morningstar
rCold  x . .     Clarity  .     B - +2 robe {rF+}
rNeg   . . .     SustAb   .     p - +0 large shield
rPois  .         Gourm    .     (helmet restricted)
rElec  .         Spirit   .     t - +0 cloak
rCorr  .         Warding  .     (gloves unavailable)
rMut   .         Stasis   .     (boots unavailable)
MR     .....                    (no amulet)
Stlth  +.........               i - ring of fire
                                o - ring of magical power

@: not resistant to hostile enchantments, very unstealthy
A: unfitting armour, tough skin 1
a: Potion Petition, Call Merchant, Bribe Branch, Renounce Religion


You were on level 4 of the Dungeon.
You worshipped Gozag.
Gozag was noncommittal.
You were not hungry.

You visited 1 branch of the dungeon, and saw 4 of its levels.

You collected 390 gold pieces.
You paid 72 gold pieces to Gozag.

Inventory:

Hand weapons
 h - a +0 mace
 s - a +2 quarterstaff of chaos
 H - a +0 morningstar (weapon)
Missiles
 c - 2 throwing nets (quivered)
 l - 18 stones
 I - 11 tomahawks
Armour
 p - a +0 large shield (worn)
 t - a +0 cloak (worn)
 B - a +2 robe of fire resistance (worn)
Jewellery
 i - a ring of fire (right hand)
 o - a ring of magical power (left hand)
 z - an uncursed ring of fire
 F - an uncursed amulet of stasis
Magical devices
 a - a wand of enslavement (10)
 r - a wand of digging (16)
 u - a wand of confusion (20)
Scrolls
 d - 2 scrolls of immolation {unknown}
 e - 2 scrolls of magic mapping
 g - 5 scrolls of remove curse
 j - a scroll of random uselessness {unknown}
 k - 3 scrolls of amnesia
 m - 2 scrolls of teleportation
 q - a scroll of recharging
 y - a scroll of blinking {unknown}
Potions
 n - a potion of brilliance
 v - 2 potions of magic
 w - a potion of cure mutation
 x - 2 potions of curing
 D - a potion of poison {unknown}
 E - a potion of flight {unknown}
Books
 G - a book of Transfigurations

   Spells                             Type                      Level
   a - Stoneskin                      Transmutation/Earth          2
   b - Irradiate                      Conjuration/Transmutation    5
   c - Statue Form                    Transmutation/Earth          6
   d - Hydra Form                     Transmutation                6
   e - Dragon Form                    Transmutation                7
Comestibles
 f - 4 meat rations


   Skills:
 - Level 2.6 Fighting
 + Level 10.5 Maces & Flails
 - Level 5.0 Throwing
 - Level 1.7 Dodging
 - Level 0.7 Stealth


You had 6 spell levels left.
You didn't know any spells.

Dungeon Overview and Level Annotations

Branches:
Dungeon (4/15)
 Temple: D:4-7

Altars:
Gozag
Okawaru
Vehumet
Xom
Yredelemnul
Zin


Innate Abilities, Weirdness & Mutations

You are too large for most types of armour.
You have tough skin (AC +1).


Message History

You barely miss the orc wizard.
The orc wizard is moderately wounded.
The orc priest hits you but does no damage.
The orc wizard hits you with a dagger.
* * * LOW HITPOINT WARNING * * *
You sock the orc wizard!
You kill the orc wizard!
You block the orc priest's attack.
The orc priest mumbles some strange prayers to Beogh against you.
Something smites you!
* * * LOW HITPOINT WARNING * * *
Items here: $ ( ) [ 8 gold pieces; a dagger; a robe; 2 large rocks You closely miss the orc priest.
The orc priest is severely wounded.
The orc priest becomes somewhat translucent.
The orc priest invokes the aid of Beogh against you.
Something smites you!
You die...
Your body crumbles into a pile of gold.

......# #.......########...#.#..
......# ###########....#####.##+
......# #..'.........^#+. ......#
###########....######### ......#
#............###'#...### ..o...#
#............'...'...'..
....(.####...###......###'#...#'#
....(###...######'##'###.........
..o..# #..)#.$)o@......#.........
.....# #...'...........'.........
.)...###$..#'###'####'##.........
##'##..$$.....[...........##'#...
#...'.....................'..+...
#...#.......o.............##.#...
##(##.........#'####'###+###.#...
..(g##'#...#'##.'..........'.+...
..o.'..#...#.##.####+###.###'#...


You could see an orc priest.

Vanquished Creatures
  Sigmund (D:3)
  Blork the orc (D:4)
  A scorpion (D:4)
  A hound (D:4)
  2 orc priests
  A centaur skeleton (D:4)
  Crazy Yiuf (D:2)
  Natasha (thrice) (D:3)
  2 worker ants (D:4)
  4 orc wizards
  Jessica (D:3)
  Terence (D:2)
  9 adders
  2 giant mites (D:4)
  4 worms
  An adder skeleton (D:4)
  An ooze (D:1)
  4 giant geckos (D:1)
  14 orcs
  A ball python (D:4)
  A bat skeleton (D:4)
  4 giant cockroaches
  12 hobgoblins
  11 bats
  4 giant newts
  11 goblins
  A jackal zombie (D:4)
  14 kobolds
  11 rats
  A plant (D:1)
125 creatures vanquished.

Notes
Turn   | Place    | Note
--------------------------------------------------------------
     0 | D:1      | xsansara, the Ogre Hunter, began the quest for the Orb.
     0 | D:1      | Reached XP level 1. HP: 22/22 MP: 1/1
   268 | D:1      | Reached XP level 2. HP: 25/29 MP: 2/2
   345 | D:1      | Reached skill level 5 in Throwing
   493 | D:1      | Reached skill level 1 in Maces & Flails
   930 | D:1      | Reached XP level 3. HP: 27/36 MP: 3/3
  1693 | D:2      | Noticed Terence
  1699 | D:2      | Killed Terence
  1706 | D:2      | Reached XP level 4. HP: 37/44 MP: 4/4
  1875 | D:2      | Noticed Crazy Yiuf
  1877 | D:2      | Killed Crazy Yiuf
  2203 | D:2      | Reached skill level 5 in Maces & Flails
  2691 | D:3      | Reached XP level 5. HP: 50/50 MP: 5/5
  2903 | D:3      | Noticed Natasha
  2910 | D:3      | Killed Natasha
  3308 | D:3      | Reached skill level 6 in Maces & Flails
  3336 | D:3      | Noticed Natasha
  3373 | D:3      | Killed Natasha
  3635 | D:3      | Noticed Natasha
  3637 | D:3      | Killed Natasha
  3650 | D:3      | Noticed Sigmund
  3664 | D:3      | Killed Sigmund
  3664 | D:3      | Reached skill level 7 in Maces & Flails
  3664 | D:3      | Reached XP level 6. HP: 7/59 MP: 6/6
  4035 | D:3      | Noticed Jessica
  4042 | D:3      | Killed Jessica
  4341 | D:3      | Reached skill level 8 in Maces & Flails
  4900 | D:3      | Found an opulent altar of Gozag.
  4901 | D:3      | Found a shimmering altar of Xom.
  4902 | D:3      | Found a radiant altar of Vehumet.
  4903 | D:3      | Found an iron altar of Okawaru.
  4905 | D:3      | Found a basalt altar of Yredelemnul.
  4908 | D:3      | Became a worshipper of Gozag Ym Sagoz the Greedy
  5326 | D:4      | Reached XP level 7. HP: 66/66 MP: 7/7
  5586 | D:4      | Reached skill level 9 in Maces & Flails
  5680 | D:4      | Noticed Blork the orc
  5682 | D:4      | Killed Blork the orc
  6265 | D:4      | Found a glowing silver altar of Zin.
  6590 | D:4      | Reached skill level 10 in Maces & Flails
  6806 | D:4      | HP: 3/66 [orc/dagger (1)]
  7145 | D:4      | Killed from afar by an orc priest

Action                   |  1- 3 |  4- 6 |  7- 9 || total
-------------------------+-------+-------+-------++-------
Melee: Short sword       |    19 |       |       ||    19
       Mace              |   181 |   185 |    75 ||   441
       Morningstar       |       |       |    93 ||    93
Throw: Large rock        |     6 |    22 |     9 ||    37
       Throwing net      |       |     3 |       ||     3
  Use: Scroll            |     1 |     5 |     3 ||     9
       Potion            |     1 |     3 |     2 ||     6
 Stab: Held in net/web   |       |     2 |       ||     2
       Sleeping          |       |     1 |       ||     1
       Distracted        |       |       |     1 ||     1
  Eat: Chunk             |     3 |     8 |       ||    11
       Meat ration       |       |     1 |       ||     1
       Beef jerky        |       |     1 |       ||     1
       Bread ration      |       |       |     1 ||     1
